 Dungeon Crawl Stone Soup version 0.21.1-1-g345015fe64 (webtiles) character file.

3947 ErikD the Spear-Bearer (level 10, -4/88 HPs)
             Began as a Minotaur Berserker on Mar 26, 2018.
             Was a High Priest of Trog.
             Splashed by a jelly's acid (8 damage)
             ... while paralysed
             ... on level 9 of the Dungeon on May 14, 2018.
             The game lasted 00:32:48 (7257 turns).

ErikD the Spear-Bearer (Minotaur Berserker)         Turns: 7257, Time: 00:32:49

Health: -4/88      AC: -1    Str: 22    XL:     10   Next: 2%
Magic:  9/9        EV:  2    Int:  4    God:    Trog [*****.]
Gold:   393        SH:  0    Dex: 13    Spells: 9/9 levels left

rFire    . . .     SeeInvis +   w - +5 morningstar
rCold    . . .     Gourm    .   (no shield)
rNeg     . . .     Faith    .   o - +0 scale mail
rPois    .         Spirit   .   (helmet restricted)
rElec    .         Reflect  .   (no cloak)
rCorr    .         Harm     .   j - +0 pair of gloves
MR       .....                  k - +0 pair of boots
Stlth    ..........             (no amulet)
HPRegen  0.24/turn              b - ring of see invisible
MPRegen  0.11/turn              (no ring)

@: paralysed, corroded, fainting
A: retaliatory headbutt, horns 2
a: Berserk, Trog's Hand, Brothers in Arms, Burn Spellbooks, Renounce Religion


You were on level 9 of the Dungeon.
You worshipped Trog.
Trog was extremely pleased with you.
You were fainting.

You visited 1 branch of the dungeon, and saw 9 of its levels.

You collected 393 gold pieces.

Inventory:

Hand Weapons
 a - a +0 mace
 t - a +1 trident of protection
 w - a +5 morningstar (weapon)
 z - a cursed +4 spear
 E - a cursed -2 short sword
 G - a +2 spear of piercing
 N - a +2 antimagic quarterstaff
Missiles
 e - 198 stones (quivered)
 Q - 3 poisoned tomahawks
Armour
 d - a +0 ring mail
 j - a +0 pair of gloves (worn)
 k - a +0 pair of boots (worn)
 o - a +0 scale mail (worn)
Jewellery
 b - a ring of see invisible (left hand)
 f - an uncursed ring of protection from magic {unknown}
Wands
 B - a wand of random effects (15)
 I - a wand of polymorph (9)
 O - a wand of paralysis (12)
Scrolls
 h - a scroll of blinking {unknown}
 i - 4 scrolls of remove curse
 m - 4 scrolls of enchant weapon
 n - 2 scrolls of teleportation {unknown}
 p - a scroll of immolation {unknown}
 r - 4 scrolls of fog {unknown}
 u - 2 scrolls of noise {unknown}
 y - a scroll of holy word {unknown}
 C - 2 scrolls of enchant armour {unknown}
 D - a scroll of random uselessness {unknown}
Potions
 g - 6 potions of heal wounds {unknown}
 l - 3 potions of flight {unknown}
 q - 3 potions of degeneration {unknown}
 s - 2 potions of ambrosia {unknown}
 v - a potion of haste {unknown}
 x - 2 potions of curing
 A - a potion of berserk rage
 F - a potion of mutation {unknown}
 H - a potion of cancellation {unknown}
 J - a potion of lignification {unknown}
 L - 2 potions of brilliance {unknown}
 M - a potion of resistance
 P - a potion of invisibility {unknown}
Comestibles
 c - 14 rations
 K - a chunk of flesh


   Skills:
 + Level 7.9 Fighting
 + Level 7.9 Maces & Flails
 + Level 9.8 Polearms
 + Level 1.1 Throwing
 + Level 8.2 Armour
 + Level 5.4 Dodging
 - Level 1.5 Stealth


You had 9 spell levels left.
You didn't know any spells.

Dungeon Overview and Level Annotations

Branches:
Dungeon (9/15)             Temple (0/1) D:5
   Lair: D:8-11         Orc: D:9-12

Altars:
Elyvilon
Hepliaklqana
Qazlal
Ru
Wu Jian

Shops:
D:5 *


Innate Abilities, Weirdness & Mutations

You reflexively headbutt those who attack you in melee.
You have a pair of horns on your head.


Message History

The hungry ghost misses you. The jelly barely misses you.
You furiously retaliate!
You headbutt the jelly, but do no damage.
The hungry ghost barely misses you.
The jelly jiggles.
You lose consciousness!
The hungry ghost hits you.
You feel slightly more hungry. The jelly hits you.
* * * LOW HITPOINT WARNING * * *
You are splashed with acid!
The acid burns!
* * * LOW HITPOINT WARNING * * *
The hungry ghost hits you.
* * * LOW HITPOINT WARNING * * *
You feel slightly more hungry. The jelly hits you.
* * * LOW HITPOINT WARNING * * *
You are splashed with acid!
The acid burns!
* * * LOW HITPOINT WARNING * * *
The hungry ghost barely misses you. The jelly hits you.
* * * LOW HITPOINT WARNING * * *
You are splashed with acid!
The acid burns!
You die...

#.......(. #..# ... ##.........
#..#######....
...........#######.............
...............................
.....#### #................####
.)......###................#
.#######.##...................
#..≈≈≈..#.......WJ.............
..≈...≈..#.#####@..............
..≈._.≈...#.# #..##########...
..≈...≈..#.#####.......... ...
#..≈≈≈..#.................
.#######...###############
#.......#### #########


You could see a hungry ghost and a jelly.

Vanquished Creatures
  A two-headed ogre (D:8)
  A hippogriff (D:8)
  Eustachio (D:6)
  Edmund (D:4)
  Duvessa (D:7)
  An orc warrior (D:7)
  4 ice beasts
  2 ogres
  2 phantoms
  3 centaurs
  2 bullfrogs
  A gnoll sergeant (D:6)
  2 scorpions
  Dowan (D:7)
  4 wights
  4 crimson imps
  A bullfrog skeleton (D:8)
  A jelly (D:5)
  5 orc priests
  4 hounds
  A centaur skeleton (D:5)
  Terence (D:2)
  Natasha (thrice) (D:3)
  2 iguanas (D:5)
  5 orc wizards
  6 worker ants
  A hound zombie (D:6)
  A hound skeleton (D:5)
  4 gnolls (D:6)
  A howler monkey skeleton (D:6)
  6 adders
  2 adder skeletons
  An adder zombie (D:7)
  3 worms (D:2)
  2 dart slugs
  6 leopard geckos
  41 orcs
  2 giant cockroaches
  9 goblins
  10 hobgoblins
  14 jackals
  5 quokkas
  A ball python (D:1)
  5 bats
  4 frilled lizards
  7 kobolds
  A quokka skeleton (D:7)
  8 rats
194 creatures vanquished.

Notes
Turn   | Place    | Note
-------+----------+-------------------------------------------
     0 | D:1      | ErikD the Minotaur Berserker began the quest for the Orb.
     0 | D:1      | Reached XP level 1. HP: 19/19 MP: 0/0
    59 | D:1      | Reached XP level 2. HP: 25/27 MP: 1/1
   387 | D:1      | Reached ** piety under Trog
   485 | D:1      | Reached XP level 3. HP: 31/33 MP: 2/2
   970 | D:2      | Reached XP level 4. HP: 33/41 MP: 3/3
  1028 | D:2      | Noticed Terence
  1037 | D:2      | Killed Terence
  1498 | D:3      | Reached skill level 5 in Maces & Flails
  1522 | D:3      | Reached skill level 5 in Fighting
  1571 | D:3      | Noticed Natasha
  1577 | D:3      | Killed Natasha
  1577 | D:3      | Reached XP level 5. HP: 43/48 MP: 4/4
  1619 | D:3      | Reached *** piety under Trog
  1632 | D:3      | Noticed Natasha
  1664 | D:3      | Killed Natasha
  1821 | D:3      | Noticed Natasha
  1832 | D:3      | Killed Natasha
  1832 | D:3      | Reached XP level 6. HP: 56/56 MP: 5/5
  2058 | D:3      | Noticed an ice beast
  2070 | D:3      | Killed an ice beast
  2264 | D:4      | Noticed Edmund
  2291 | D:4      | Killed Edmund
  2291 | D:4      | Reached skill level 1 in Polearms
  2376 | D:4      | Reached XP level 7. HP: 54/61 MP: 6/6
  3011 | D:5      | Entered Level 5 of the Dungeon
  3060 | D:5      | Reached skill level 2 in Polearms
  3061 | D:5      | Found a staircase to the Ecumenical Temple.
  3181 | D:5      | Reached skill level 3 in Polearms
  3181 | D:5      | Reached skill level 5 in Armour
  3382 | D:5      | Reached **** piety under Trog
  3384 | D:5      | Reached skill level 4 in Polearms
  3511 | D:5      | Found Foghei's General Store.
  3789 | D:5      | Reached XP level 8. HP: 55/70 MP: 7/7
  4371 | D:6      | Reached skill level 5 in Polearms
  4405 | D:6      | Reached skill level 1 in Stealth
  4525 | D:6      | Noticed Eustachio
  4572 | D:6      | Killed Eustachio
  4572 | D:6      | Reached skill level 6 in Polearms
  5253 | D:7      | Found an ornate altar of the Wu Jian Council.
  5257 | D:7      | Reached skill level 1 in Throwing
  5321 | D:7      | Reached skill level 7 in Polearms
  5412 | D:7      | Found a white marble altar of Elyvilon.
  5418 | D:7      | Reached XP level 9. HP: 70/78 MP: 8/8
  5493 | D:7      | Reached ***** piety under Trog
  5706 | D:7      | Noticed Dowan
  5707 | D:7      | Noticed Duvessa
  5717 | D:7      | Killed Dowan
  5729 | D:7      | Killed Duvessa
  5859 | D:8      | Reached skill level 8 in Polearms
  6100 | D:8      | Noticed a two-headed ogre
  6173 | D:8      | Killed a two-headed ogre
  6173 | D:8      | Reached skill level 9 in Polearms
  6173 | D:8      | Reached skill level 5 in Dodging
  6318 | D:8      | Found a stormy altar of Qazlal.
  7052 | D:9      | Noticed a troll
  7085 | D:9      | Found a hazy altar of Hepliaklqana.
  7182 | D:9      | Found a sacrificial altar of Ru.
  7188 | D:9      | Reached XP level 10. HP: 83/88 MP: 9/9
  7254 | D:9      | Paralysed by fainting for 8 turns
  7257 | D:9      | HP: 4/88 [jelly (3)]
  7257 | D:9      | Splashed by a jelly's acid

Skill      XL: |  1  2  3  4  5  6  7  8  9 |
---------------+----------------------------+-----
Maces & Flails | 4 5 6 7 |  7.9
Fighting       | 4 5 6 7 |  7.9
Armour         | 3 4 5 7 8 |  8.2
Dodging        | 3 4 5 |  5.4
Polearms       | 1 4 7 9 |  9.8
Stealth        | 1 |  1.5
Throwing       | 1 |  1.1

Action                   |  1- 3 |  4- 6 |  7- 9 | 10-12 || total
-------------------------+-------+-------+-------+-------++-------
Melee: Mace              |    72 |    91 |       |       ||   163
       Headbutt          |    15 |    33 |    81 |       ||   129
       Trident           |       |    44 |   280 |       ||   324
       Morningstar       |       |       |    56 |    12 ||    68
Throw: Stone             |     9 |     2 |    22 |       ||    33
       Throwing net      |       |       |     1 |       ||     1
Invok: Berserk           |       |     4 |     2 |       ||     6
       Trog's Hand       |       |     1 |       |       ||     1
  Use: Scroll            |       |     2 |     6 |       ||     8
  Eat: Chunk             |       |     9 |    18 |       ||    27
Armor: Animal skin       |    10 |       |       |       ||    10
       Scale mail        |    18 |    59 |   181 |     2 ||   260
Dodge: Dodged            |    49 |    78 |   226 |    16 ||   369
